 Dungeon Crawl Stone Soup version 0.20.2-3-g29329e0561 (webtiles) character file.

1169 Alfie the Shield-Bearer (level 8, 0/70 HPs)
             Began as a Hill Orc Fighter on Oct 5, 2023.
             Slain by Pikel
             ... wielding a +1 whip of electrocution
              (4 damage)
             ... on level 5 of the Dungeon.
             The game lasted 00:12:17 (3755 turns).

Alfie the Shield-Bearer (Hill Orc Fighter)          Turns: 3755, Time: 00:12:18

Health: 0/70       AC: 15    Str: 20 (21) XL:     8   Next: 40%
Magic:  8/8        EV:  4    Int:  8      God:
Gold:   252        SH: 10    Dex:  9 (10) Spells: 7/7 levels left

rFire    . . .     SeeInvis .   a - +2 rapier
rCold    . . .     Gourm    .   c - +0 shield
rNeg     . . .     Faith    .   u - +0 plate armour
rPois    .         Spirit   .   j - +0 helmet
rElec    .         Reflect  .   (no cloak)
rCorr    .         Harm     .   (no gloves)
MR       +....                  g - +1 pair of boots
Stlth    ..........             (no amulet)
Regen    0.3/turn               (no ring)
MPRegen  0.2/turn               (no ring)

@: no status effects
A: magic resistance 1, MP-powered wands
a: no special abilities


You were on level 5 of the Dungeon.
You were not hungry.

You visited 1 branch of the dungeon, and saw 6 of its levels.

You collected 252 gold pieces.

Inventory:

Hand Weapons
 a - a +2 rapier (weapon)
Armour
 c - a +0 shield (worn)
 g - a +1 pair of boots (worn)
 j - a +0 helmet (worn)
 u - a +0 plate armour (worn)
Jewellery
 h - an uncursed amulet of rage
 i - an uncursed amulet of harm {unknown}
 s - a +3 ring of strength {unknown}
 w - an uncursed ring of magical power {unknown}
 z - a +3 amulet of reflection {unknown}
Scrolls
 k - 2 scrolls of amnesia
 m - 2 scrolls of recharging
 n - a scroll of fear {unknown}
 o - a scroll of fog {unknown}
 v - a scroll of random uselessness {unknown}
 x - a scroll of noise {unknown}
 y - 3 scrolls of enchant armour {unknown}
 A - a scroll of enchant weapon
Potions
 d - a potion of might
 p - 4 potions of curing
 r - 4 potions of flight {unknown}
 t - a potion of haste {unknown}
 B - a potion of heal wounds
Comestibles
 f - 3 bread rations
 l - 4 meat rations
 q - 5 fruits


   Skills:
 + Level 5.8 Fighting
 + Level 6.3 Short Blades
 + Level 5.3 Armour
 + Level 1.0 Dodging
 + Level 0.1 Stealth
 + Level 6.4 Shields


You had 7 spell levels left.
You didn't know any spells.

Dungeon Overview and Level Annotations

Branches:
Dungeon (6/15)             Temple (0/1) D:5

Altars:
Ashenzari
Dithmenos
Xom

Annotations:
D:5 Eustachio, Pikel


Innate Abilities, Weirdness & Mutations

You are resistant to hostile enchantments. (MR+)
You expend magic power (3 MP) to strengthen your wands.


Message History

The orc hits you with a short sword.
* * * LOW HITPOINT WARNING * * *
You miss Pikel.
Pikel is heavily wounded.
You block Pikel's attack. You block the orc's attack.
You hit Pikel.
Pikel is heavily wounded.
You block Pikel's attack. The orc hits you but does no damage.
You hit Pikel.
Pikel is severely wounded.
You block Pikel's attack. The orc closely misses you.
You barely miss Pikel.
Pikel is severely wounded.
Pikel hits you but does no damage.
You are electrocuted!
* * * LOW HITPOINT WARNING * * *
The orc hits you but does no damage.
You miss Pikel.
Pikel is severely wounded.
Pikel hits you with a whip of electrocution.
You die...

.........# #...............#
....##...# #......>........#
....###..####...(...........#
............................#
######.#.####...........<...#
............................#
.......#...................##
...........####o)...#.....##
............####@####.#####
.......###....5#K# #.#
..............§.p# #.#####
.....≈≈≈≈≈.....pp# #.....#
...≈≈≈≈≈≈≈≈≈......# #####.#
.≈≈≈≈≈≈≈≈≈≈≈≈≈...##
####.######
≈≈≈≈≈≈≈≈≈≈≈≈≈≈≈...
#.........#
≈≈≈≈≈≈...≈≈≈≈≈≈...
#.........#
≈≈≈≈≈≈.>.≈≈≈≈≈≈..#.
#.........#


You could see Pikel, 3 slaves and an orc.

Vanquished Creatures
  Grinder (D:3)
  An ogre (D:4)
  A centaur (D:5)
  A scorpion (D:4)
  5 crimson imps
  A hound (D:6)
  3 orc priests (D:3)
  2 orc wizards
  An iguana (D:4)
  A worker ant (D:4)
  A worker ant zombie (D:5)
  Robin (D:2)
  4 gnolls (D:4)
  5 adders
  An ooze (D:1)
  An adder skeleton (D:4)
  An adder zombie (D:6)
  A worm (D:2)
  4 dart slugs
  6 leopard geckos
  15 orcs
  6 bats
  5 giant cockroaches
  13 goblins
  13 hobgoblins
  6 jackals
  7 kobolds
  3 quokkas
  A ball python skeleton (D:4)
  10 frilled lizards
  15 rats
136 creatures vanquished.

Vanquished Creatures (others)
  Sigmund (D:3)
1 creature vanquished.

Grand Total: 137 creatures vanquished

Notes
Turn   | Place    | Note
-------+----------+-------------------------------------------
     0 | D:1      | Alfie the Hill Orc Fighter began the quest for the Orb.
     0 | D:1      | Reached XP level 1. HP: 19/19 MP: 1/1
   121 | D:1      | Reached XP level 2. HP: 26/27 MP: 2/2
   335 | D:1      | Reached XP level 3. HP: 33/33 MP: 3/3
   984 | D:2      | Reached XP level 4. HP: 29/40 MP: 4/4
   992 | D:2      | Noticed Robin
  1001 | D:2      | Killed Robin
  1184 | D:2      | Found a shadowy altar of Dithmenos.
  1774 | D:3      | Noticed Grinder
  1777 | D:3      | Paralysed by Grinder for 2 turns
  1781 | D:3      | Paralysed by Grinder for 3 turns
  1793 | D:3      | Gained mutation: You expend magic power (3 MP) to strengthen your wands. [potion of mutation]
  1793 | D:3      | Gained mutation: You are resistant to hostile enchantments. (MR+) [potion of mutation]
  1795 | D:3      | Killed Grinder
  1795 | D:3      | Reached XP level 5. HP: 32/47 MP: 5/5
  1795 | D:3      | Reached XP level 6. HP: 36/53 MP: 6/6
  1806 | D:3      | Found a shimmering altar of Xom.
  1865 | D:3      | Reached skill level 5 in Fighting
  1865 | D:3      | Reached skill level 5 in Shields
  1964 | D:3      | Reached XP level 7. HP: 61/61 MP: 7/7
  2111 | D:3      | Noticed Sigmund
  2151 | D:3      | Killed Sigmund
  2151 | D:3      | Reached skill level 5 in Short Blades
  2189 | D:3      | Found a faded altar of an unknown god.
  2427 | D:4      | You fall through a shaft for 2 floors!
  2429 | D:6      | Found a shattered altar of Ashenzari.
  2499 | D:5      | Entered Level 5 of the Dungeon
  2690 | D:5      | Reached XP level 8. HP: 41/69 MP: 8/8
  2718 | D:5      | Found a staircase to the Ecumenical Temple.
  2861 | D:4      | Reached skill level 5 in Armour
  3066 | D:4      | Reached skill level 1 in Dodging
  3709 | D:5      | Noticed Eustachio
  3729 | D:5      | Noticed Pikel
  3755 | D:5      | Slain by Pikel

Skill      XL: |  1  2  3  4  5  6  7  8 |
---------------+-------------------------+-----
Fighting       | 4 5 |  5.8
Short Blades   | 3 4 5 6 |  6.3
Armour         | 4 5 |  5.3
Shields        | 4 5 6 |  6.4
Dodging        | 1 |  1.0
Stealth        | |  0.1

Action                   |  1- 3 |  4- 6 |  7- 9 || total
-------------------------+-------+-------+-------++-------
Melee: Rapier            |   116 |   146 |   300 ||   562
  Use: Scroll            |     5 |     4 |     3 ||    12
       Potion            |       |     2 |     1 ||     3
  Eat: Royal jelly       |       |     2 |       ||     2
       Bread ration      |       |       |     1 ||     1
       Fruit             |       |       |     2 ||     2
Armor: Scale mail        |    43 |    11 |       ||    54
       Plate armour      |       |    66 |   200 ||   266
Dodge: Dodged            |    27 |    36 |    42 ||   105
Block: Shield            |    46 |    76 |   177 ||   299
